 Dungeon Crawl Stone Soup version 0.29.1-13-g9f3cf754e1 (webtiles) character file.

Game seed: 17433564543141552445

3370 pilgrim the Ducker (level 10, -6/61 HPs)
             Began as a Tengu Air Elementalist on Feb 10, 2023.
             Was an Initiate of Qazlal.
             Mangled by a shadow (27 damage)
             ... on level 9 of the Dungeon.
             The game lasted 00:30:34 (11063 turns).

pilgrim the Ducker (Tengu Air Elementalist)        Turns: 11063, Time: 00:30:36

Health: -6/61      AC:  7    Str:  9    XL:     10   Next: 3%
Magic:  20/20      EV: 16    Int: 17    God:    Qazlal [......]
Gold:   452        SH: 10    Dex: 17    Spells: 19/22 levels left

rFire   . . .      SeeInvis .   d - +4 dagger (venom)
rCold   . . .      Faith    .   s - +0 kite shield
rNeg    . . .      Spirit   .   D - +0 troll leather armour
rPois   .          Reflect  .   A - +2 hat
rElec   .          Harm     .   (no cloak)
rCorr   .          Rampage  .   u - +0 pair of gloves
Will    +....                   (boots unavailable)
Stlth   ++........              (no amulet)
HPRegen 1.00/turn               m - ring of willpower
MPRegen 0.17/turn               (no ring)

@: flying quickly and evasively, quick
A: beak, talons 3, nimble flight
a: Renounce Religion


You were on level 9 of the Dungeon.
You worshipped Qazlal.
Qazlal was noncommittal.
You visited 2 branches of the dungeon, and saw 10 of its levels.
You also visited: Ossuary.

You collected 452 gold pieces.

Inventory:

Hand Weapons
 d - a +4 dagger of venom (weapon)
Missiles
 B - a throwing net
Armour
 s - a +0 kite shield (worn)
 u - a +0 pair of gloves (worn)
 A - a +2 hat (worn)
 D - a +0 troll leather armour (worn)
Jewellery
 m - a ring of willpower (left hand)
 q - a ring of ice
 z - a ring of ice
Wands
 h - a wand of acid (7)
 l - a wand of mindburst (4)
 E - a wand of polymorph (2)
Scrolls
 n - a scroll of enchant weapon
 t - 5 scrolls of vulnerability
 x - 4 scrolls of teleportation
 y - a scroll of immolation
 C - a scroll of magic mapping {unknown}
Potions
 b - 2 potions of magic
 c - 4 potions of mutation
 e - 4 potions of curing
 f - a potion of resistance {unknown}
 g - a potion of haste {unknown}
 i - 2 potions of invisibility
 j - 4 potions of lignification
 o - 4 potions of might
 p - a potion of ambrosia {unknown}
 r - 2 potions of brilliance
 v - 3 potions of attraction
 w - 2 potions of degeneration {unknown}


   Skills:
 + Level 6.5 Fighting
 + Level 7.7 Dodging
 - Level 2.0 Stealth
 - Level 5.0 Shields
 + Level 6.5 Spellcasting
 - Level 4.0 Conjurations
 + Level 7.0 Air Magic


You had 19 spell levels left.
You knew the following spells:

 Your Spells              Type           Power      Damage    Failure   Level
a - Shock                 Conj/Air       96%        1d9       4%          1
b - Static Discharge      Conj/Air       24%        3-6/arc   8%          2

Your spell library contained the following spells:

 Spells                   Type           Power      Damage    Failure   Level
 Swiftness                Air            29%        N/A       8%          3
 Airstrike                Air            14%        2d(3-19)  26%         4
 Mephitic Cloud           Conj/Pois/Air  18%        N/A       32%         3
 Slow                     Hex            20%        N/A       43%         1
 Blink                    Tloc           10%        N/A       58%         2
 Confusing Touch          Hex            5%         N/A       82%         3
 Ignite Poison            Fire/Tmut/Pois 5%         N/A       82%         3
 Vampiric Draining        Necr           5%         2d6       82%         3
 Alistair's Intoxication  Tmut/Pois      3%         N/A       100%        5
 Manifold Assault         Tloc           5%         N/A       100%        5
 Yara's Violent Unravell  Hex/Tmut       2%         3d3       100%        5
 Eringya's Noxious Bog    Tmut/Pois      2%         N/A       100%        6
 Enfeeble                 Hex            2%         N/A       100%        7
 Storm Form               Tmut/Air       8%         N/A       100%        7


Dungeon Overview and Level Annotations

Branches:
Dungeon (9/15)             Temple (1/1) D:7         Ossuary (visited)
   Lair: D:8-11         Orc: D:9-12

Altars:
Ashenzari
Cheibriados
Fedhas
Gozag
Hepliaklqana
Kikubaaqudgha
Makhleb
Nemelex Xobeh
Okawaru
Qazlal
Trog
Xom
Yredelemnul
Zin

Shops:
D:4 [   D:7 (


Innate Abilities, Weirdness & Mutations

You have a beak for a mouth.
You have claws for feet.
Your magical nature lets you fly swiftly and evasively.


Message History

You hit the shadow.
The shadow is heavily damaged.
You block the shadow's attack.
You hit the shadow but do no damage. You peck the shadow, but do no damage.
The shadow is heavily damaged.
The shadow slips into darkness.
The shadow flickers and vanishes!
Deactivating autopickup; reactivate with Ctrl-A.
You hit something. Your kick misses something.
The shadow strikes at you from the darkness!
* * * LOW HITPOINT WARNING * * *
Reactivating autopickup.
The shadow slips into darkness.
The shadow flickers and vanishes!
Deactivating autopickup; reactivate with Ctrl-A.
You feel much better.
The shadow strikes at you from the darkness!
* * * LOW HITPOINT WARNING * * *
Reactivating autopickup.
You feel better. The shadow closely misses you.
You hit the shadow.
The shadow is severely damaged.
The shadow barely misses you.
You hit the shadow but do no damage.
The shadow is severely damaged.
You block the shadow's attack.
You closely miss the shadow. Your kick misses the shadow.
The shadow is severely damaged.
You block the shadow's attack.
You barely miss the shadow. Your kick misses the shadow.
The shadow is severely damaged.
The shadow hits you!
You hit the shadow but do no damage. You claw the shadow.
You peck the shadow, but do no damage.
The shadow is severely damaged.
The shadow slips into darkness.
The shadow flickers and vanishes!
Deactivating autopickup; reactivate with Ctrl-A.
The shadow strikes at you from the darkness!
You die...

######+#
#......###
#........
#......#
#<.....####
#..........
#......#
#.@{...#
#......#
#......#
########


There were no monsters in sight!

Vanquished Creatures
  Pikel (D:5)
  A troll (D:7)
  Grinder (D:5)
  A steam dragon (D:7)
  4 water moccasins
  An orc warrior (D:6)
  A sky beast (D:7)
  A black bear (D:7)
  2 ice beasts
  3 ogres
  2 phantoms
  A kobold brigand (D:8)
  A bullfrog (D:7)
  2 necrophages
  2 scorpions (D:6)
  2 howler monkeys (D:8)
  3 jellies (D:6)
  A human zombie (Ossuary)
  An orc priest (D:6)
  3 hounds
  3 iguanas
  Jessica (D:3)
  2 hound zombies (Ossuary)
  5 mummies
  3 gnolls (D:5)
  6 adders
  A shadow imp (D:7)
  A white imp (D:6)
  An ufetubus (D:7)
  An adder zombie (Ossuary)
  4 worms
  3 dart slugs
  16 orcs
  8 ball pythons
  5 bats
  7 endoplasms
  7 giant cockroaches
  7 goblins
  3 hobgoblins (D:1)
  4 jackals (D:5)
  A quokka (D:1)
  3 frilled lizards
  A gnoll zombie (Ossuary)
  A goblin zombie (Ossuary)
  A hobgoblin zombie (Ossuary)
  2 jackal zombies (Ossuary)
  10 kobolds
  3 orc zombies (Ossuary)
  3 rats
  A bush (D:3)
148 creatures vanquished.

Vanquished Creatures (others)
  An orc wizard (D:7)
  12 plants
  3 withered plants (D:3)
16 creatures vanquished.

Grand Total: 164 creatures vanquished

Notes
Turn   | Place    | Note
-------+----------+-------------------------------------------
     0 | D:1      | pilgrim the Tengu Air Elementalist began the quest for the
                  | Orb.
     0 | D:1      | Reached XP level 1. HP: 10/10 MP: 4/4
   238 | D:1      | Reached XP level 2. HP: 16/16 MP: 1/6
   602 | D:1      | Reached skill level 1 in Fighting
   602 | D:1      | Reached XP level 3. HP: 20/20 MP: 3/7
  2055 | D:3      | Noticed Jessica
  2161 | D:3      | Reached XP level 4. HP: 25/25 MP: 3/8
  2503 | D:3      | Found a basalt altar of Yredelemnul.
  2514 | D:3      | Got the Anthology of the Spider
  2729 | D:3      | Killed Jessica
  2730 | D:3      | Gained mutation: Your magical nature lets you fly swiftly
                  | and evasively. [Tengu growth]
  2730 | D:3      | Reached XP level 5. HP: 30/30 MP: 10/10
  3950 | D:4      | Noticed an ogre
  3986 | D:3      | Found a shimmering altar of Xom.
  3986 | D:3      | Found an ancient bone altar of Kikubaaqudgha.
  4038 | D:4      | Found Vigo's Armour Shoppe.
  4410 | D:5      | Entered Level 5 of the Dungeon
  4428 | D:5      | HP: 1/30 [gnoll/+0 whip (8)]
  4664 | D:5      | Found a broken altar of Ashenzari.
  4677 | D:5      | Found a sand-covered staircase.
  4685 | Ossuary  | Entered an ossuary
  4705 | Ossuary  | Reached skill level 1 in Shields
  4740 | Ossuary  | Reached XP level 6. HP: 5/36 MP: 3/11
  5453 | Ossuary  | Learned a level 2 spell: Static Discharge
  5821 | D:5      | Reached XP level 7. HP: 5/41 MP: 8/13
  6497 | D:5      | Found a snail-covered altar of Cheibriados.
  6590 | D:5      | Noticed Grinder
  6612 | D:5      | Killed Grinder
  6613 | D:5      | Reached skill level 5 in Dodging
  6613 | D:5      | Reached XP level 8. HP: 14/48 MP: 15/15
  7423 | D:6      | Noticed Pikel
  7441 | D:5      | Killed Pikel
  7442 | D:5      | Reached skill level 5 in Spellcasting
  7663 | D:5      | Reached skill level 5 in Fighting
  8121 | D:6      | Reached XP level 9. HP: 54/54 MP: 11/17
  8836 | D:6      | Reached skill level 5 in Air Magic
  9179 | D:6      | Reached skill level 5 in Shields
  9426 | D:7      | Found Huopt's Antique Weapon Shoppe.
  9454 | D:7      | Found an iron altar of Okawaru.
  9912 | D:7      | Found an opulent altar of Gozag.
 10046 | D:7      | Found a staircase to the Ecumenical Temple.
 10057 | Temple   | Entered the Ecumenical Temple
 10085 | Temple   | Became a worshipper of Qazlal Stormbringer
 10914 | D:8      | Noticed a troll
 10925 | D:7      | Killed a troll
 10926 | D:7      | Reached XP level 10. HP: 49/61 MP: 20/20
 11063 | D:9      | Mangled by a shadow

Illustrated notes

Levels and vault maps discovered:
D:1:      shiori_arrival_oz, layout_loops_ring, hangedman_decor_clover_reticule
D:2:      layout_basic
D:3:      layout_basic, yredelemnul_altar_generic,
          nicolae_overflow_hidden_temple, serial_forest,
          infiniplex_forest_lined_ring, infiniplex_forest_end_2,
          infiniplex_forest_end_1, infiniplex_forest_clump_tiny,
          infiniplex_forest_end_1, infiniplex_forest_straight_1,
          infiniplex_forest_zigzag_1, infiniplex_forest_split,
          infiniplex_forest_corner_2, infiniplex_forest_clump_cross,
          minmay_misc_feat_more_columns, chequers_serial_rivers_large_a,
          uniq_jessica
D:4:      layout_basic, serial_shops, shop
D:5:      layout_basic, kennysheep_mini_moat, slow_altar_2,
          gup_ossuary_entry_pyramid, uniq_grinder
D:6:      layout_basic, uniq_pikel
D:7:      layout_basic, nicolae_gozag_cash_rules_everything_around_me,
          mainiacjoe_overflow_catwalk, minmay_temple_entry_gardened_gates,
          serial_shops, nicolae_stop_n_shop_2, st_stairs_13
D:8:      layout_basic, dpeg_oklobed_lair, uniq_joseph
D:9:      nicolae_cairo_tiling_very_big, layout_rooms
Temple:   dshaligram_water_room_temple

Skill      XL: |  1  2  3  4  5  6  7  8  9 |
---------------+----------------------------+-----
Conjurations   | 2 3 4 |  4.0
Fighting       | 1 2 3 4 5 6 |  6.5
Dodging        | 3 4 5 6 7 |  7.7
Spellcasting   | 3 4 5 6 |  6.5
Shields        | 1 2 3 4 5 |  5.0
Air Magic      | 7 |  7.0
Stealth        | |  2.0

Action                   |  1- 3 |  4- 6 |  7- 9 | 10-12 || total
-------------------------+-------+-------+-------+-------++-------
Melee: Short sword       |    11 |       |       |       ||    11
       Kick              |     5 |    46 |    59 |     5 ||   115
       Peck              |     3 |    18 |    44 |     6 ||    71
       Dagger            |     3 |   106 |   189 |    21 ||   319
 Cast: Shock             |    75 |    88 |   111 |       ||   274
       Static Discharge  |       |       |     1 |       ||     1
  Use: Scroll            |       |    11 |     8 |       ||    19
       Potion            |       |     5 |     2 |     2 ||     9
 Stab: Sleeping          |     1 |     2 |     1 |       ||     4
Armor: Robe              |     3 |    39 |    32 |       ||    74
       Skin              |       |       |    18 |       ||    18
       Troll leather arm |       |       |       |     2 ||     2
Dodge: Dodged            |     6 |    82 |   122 |     5 ||   215
Block: Kite shield       |     2 |    55 |    94 |     7 ||   158
